 Dungeon Crawl Stone Soup version 0.28.0-43-g3370ac3207 (webtiles) character file.

Game seed: 17170522564160201972

1982 graymark the Poker (level 9, 0/82 HPs)
             Began as a Naga Chaos Knight on Mar 2, 2022.
             Was a Plaything of Xom.
             Slain by Joseph the meliai
             ... wielding a +0 quarterstaff
              (10 damage)
             ... on level 7 of the Dungeon.
             The game lasted 00:13:11 (6007 turns).

graymark the Poker (Naga Chaos Knight)              Turns: 6007, Time: 00:13:11

Health: 0/82       AC: 18    Str: 22    XL:     9   Next: 20%
Magic:  0/9        EV:  8    Int: 10    God:    Xom [..*...]
Gold:   56         SH:  0    Dex: 10    Spells: 8/8 levels left

rFire   . . .      SeeInvis +   r - +3 war axe "Husouna" {freeze, Str+7 Int-3}
rCold   . . .      Faith    .   w - orb {light}
rNeg    . . .      Spirit   +   b - +2 leather armour
rPois   +          Reflect  .   (no helmet)
rElec   .          Harm     .   n - +1 cloak
rCorr   .          Rampage  .   x - +0 pair of gloves
Will    +....                   f - +3 barding
Stlth   +.........              e - amulet of guardian spirit
HPRegen 0.23/turn               (no ring)
MPRegen 0.11/turn               (no ring)

@: mighty, glowing, very slow
A: AC +3, large, see invisible, deformed body, poison resistance, slowness 2,
spit poison 1, naga tail 1, weak 2
a: Spit Poison, Renounce Religion


You were on level 7 of the Dungeon.
You worshipped Xom.
You were a toy of Xom.
You visited 1 branch of the dungeon, and saw 7 of its levels.

You collected 394 gold pieces.
You spent 338 gold pieces at shops.

Inventory:

Hand Weapons
 a - a +0 spear of chaos
 h - the +8 falchion "Qikugate" {vorpal, Will+ Int+4 Dex-4}
   (You found it on level 2 of the Dungeon)

   It inflicts extra damage upon your enemies.
   Int:       It affects your intelligence (+4).
   Dex:       It affects your dexterity (-4).
   Will:      It increases your willpower.
 i - a +1 dagger of draining
 k - a +0 trident
 r - the +3 war axe "Husouna" (weapon) {freeze, Str+7 Int-3}
   (You found it on level 3 of the Dungeon)

   It freezes those it strikes, dealing additional cold damage.
   It can also slow down cold-blooded creatures.
   Str:       It affects your strength (+7).
   Int:       It affects your intelligence (-3).
 s - a +0 hunting sling
 v - a +0 quarterstaff
Missiles
 u - 7 boomerangs
Armour
 b - a +2 leather armour (worn)
 f - a +3 barding (worn)
 n - a +1 cloak (worn)
 w - an orb of light (worn)
 x - a +0 pair of gloves (worn)
Jewellery
 e - an amulet of guardian spirit (around neck)
Scrolls
 c - a scroll of summoning {unknown}
 d - 2 scrolls of immolation
 l - 2 scrolls of blinking {unknown}
 p - a scroll of amnesia
 y - a scroll of brand weapon {unknown}
 z - 3 scrolls of fog
 D - a scroll of holy word {unknown}
 F - a scroll of vulnerability {unknown}
 H - a scroll of identify
 I - a scroll of teleportation {unknown}
Potions
 g - 4 potions of might
 j - 2 potions of lignification
 m - a potion of cancellation
 o - a potion of attraction
 q - a potion of invisibility
 A - 5 potions of curing
 B - 2 potions of flight {unknown}
 C - 2 potions of resistance {unknown}
 E - a potion of degeneration {unknown}
 G - a potion of haste


   Skills:
 * Level 6.2 Fighting
 * Level 6.2 Polearms
 * Level 4.8 Armour
 * Level 4.5 Dodging
 + Level 6.0 Stealth


You had 8 spell levels left.
You didn't know any spells.
Your spell library contained the following spells:

 Spells                   Type           Power      Damage    Failure   Level
 Scorch                   Fire           0%         2d5       54%         2
 Tukima's Dance           Hex            0%         N/A       78%         3
 Anguish                  Hex/Necr       0%         N/A       99%         4
 Flame Wave               Conj/Fire      0%         2d4       99%         4
 Summon Cactus Giant      Summ           0%         N/A       100%        6
 Enfeeble                 Hex            0%         N/A       100%        7


Dungeon Overview and Level Annotations

Branches:
Dungeon (7/15)             Temple (0/1) D:4

Altars:
Kikubaaqudgha
Makhleb
Okawaru
Trog
Uskayaw
Vehumet
Xom

Shops:
D:6 !

Annotations:
D:7 Joseph


Innate Abilities, Weirdness & Mutations

Your serpentine skin is tough. (AC +3)
You have supernaturally acute eyesight. (SInv)
Armour fits poorly on your strangely shaped body.
Your system is resistant to poisons. (rPois)
You cover ground very slowly.
You can spit poison.
You have a snake-like lower body.
You are very weak. (Str -4)


Message History

Joseph hits you with a +0 quarterstaff. Joseph stings you.
Joseph closely misses you. Joseph barely misses you.
Joseph calls down the wrath of its god upon you.
Something smites you!
You slash Joseph! You freeze Joseph.
Joseph is heavily wounded.
You have got your breath back.
You feel very sick. Joseph hits you with a +0 quarterstaff!
* * * LOW HITPOINT WARNING * * *
Joseph stings you but does no damage.
Joseph calls down the wrath of its god upon you.
Something smites you!
* * * LOW HITPOINT WARNING * * *
You feel much better.
You feel sick. Joseph hits you but does no damage.
Joseph stings you but does no damage. Joseph hits you but does no damage.
Joseph stings you!
* * * LOW HITPOINT WARNING * * *
You feel much better.
You feel sick. Joseph closely misses you. Joseph stings you but does no damage.
Joseph hits you but does no damage. Joseph stings you but does no damage.
You feel very mighty all of a sudden.
You feel sick. Joseph hits you with a +0 quarterstaff!
Joseph stings you but does no damage.
Joseph invokes the aid of its god against you.
Something smites you!
* * * LOW HITPOINT WARNING * * *
You closely miss Joseph.
Joseph is heavily wounded.
You feel sick.
Joseph calls down the wrath of its god upon you.
Something smites you!
* * * LOW HITPOINT WARNING * * *
Joseph hits you but does no damage. Joseph stings you but does no damage.
Joseph hits you with a +0 quarterstaff.
* * * LOW HITPOINT WARNING * * *
Joseph stings you but does no damage.
You feel better. Joseph hits you with a +0 quarterstaff!
You die...
Xom chuckles heartily!

#.. #.. #. #.. #.# .#
#..### #.# .#
#....###[###.#
######.#.##...#..#####.
.......<...............
#####....##...#.######
#...y###....#
#...@....####
##.....#.# ##<.#.#.#
#..#.#.# #..#>#.#
#..#.#.# #.....(.
##.#.#(# ...


You could see Joseph the meliai.

Vanquished Creatures
  A water moccasin (D:6)
  3 black bears
  A sky beast (D:5)
  A hornet zombie (D:6)
  An ice beast (D:6)
  An ogre (D:5)
  2 phantoms (D:5)
  A centaur (D:6)
  2 kobold brigands
  3 scorpions
  A crimson imp (D:5)
  2 centaur zombies
  2 bullfrog skeletons (D:4)
  A centaur skeleton (D:4)
  A jelly (D:5)
  3 orc priests
  A hound (D:5)
  3 iguanas
  2 orc wizards (D:4)
  Robin (D:3)
  11 adders
  A white imp (D:3)
  An ufetubus (D:5)
  A worm (D:3)
  11 orcs
  10 ball pythons
  9 bats
  4 endoplasms
  3 giant cockroaches
  22 goblins
  4 hobgoblins
  5 jackals
  4 quokkas
  2 frilled lizards
  14 kobolds
  2 rats
137 creatures vanquished.

Vanquished Creatures (collateral kills)
  An orc wizard (D:4)
  An orc (D:4)
2 creatures vanquished.

Grand Total: 139 creatures vanquished

Notes
Turn   | Place    | Note
-------+----------+-------------------------------------------
     0 | D:1      | graymark the Naga Chaos Knight began the quest for the Orb.
     0 | D:1      | Reached XP level 1. HP: 21/21 MP: 1/1
    79 | D:1      | Reached skill level 1 in Dodging
   101 | D:1      | Reached XP level 2. HP: 28/28 MP: 2/2
   107 | D:1      | XOM: smoke on damage
   183 | D:1      | XOM: divination: magic mapping
   803 | D:2      | Reached XP level 3. HP: 34/34 MP: 3/3
   810 | D:2      | Reached skill level 1 in Stealth
   844 | D:2      | Identified the +8 falchion "Qikugate" {vorpal, Will+ Int+4
                  | Dex-4}
  1098 | D:2      | XOM: scenery: create altars
  1465 | D:2      | Reached XP level 4. HP: 42/42 MP: 4/4
  1510 | D:2      | XOM: 4-stop teleportation journey
  1524 | D:2      | XOM: smoke on damage
  1606 | D:2      | XOM: give mutations
  1606 | D:2      | Gained mutation: You are weak. (Str -2) [Xom's mischief]
  1606 | D:2      | Gained mutation: You are very weak. (Str -4) [Xom's
                  | mischief]
  1826 | D:3      | XOM: butterfly on damage
  1870 | D:3      | XOM: 1-stop teleportation journey
  2206 | D:3      | XOM: god gift: 21 gold pieces
  2294 | D:3      | Found an iron altar of Okawaru.
  2301 | D:3      | Identified the +3 war axe "Husouna" {freeze, Str+7 Int-3}
  2347 | D:3      | XOM: god gift: 52 gold pieces
  2370 | D:3      | Reached XP level 5. HP: 40/49 MP: 5/5
  2371 | D:3      | XOM: scenery: summon butterflies
  2583 | D:3      | Noticed Robin
  2595 | D:3      | Killed Robin
  2641 | D:3      | XOM: god gift: falchion {god gift}
  2843 | D:3      | XOM: cloud trail
  2961 | D:4      | Noticed a black bear
  2972 | D:4      | Killed a black bear
  2973 | D:4      | Reached XP level 6. HP: 51/57 MP: 6/6
  2982 | D:4      | XOM: summons 3 friendly demons
  3270 | D:4      | XOM: butterfly on damage
  3475 | D:4      | Reached XP level 7. HP: 43/66 MP: 7/7
  3582 | D:4      | XOM: 3-stop teleportation journey
  3734 | D:4      | Found a staircase to the Ecumenical Temple.
  3804 | D:4      | XOM: divination: detect creatures
  3867 | D:5      | Entered Level 5 of the Dungeon
  3904 | D:5      | XOM: cast spell 'Chain of Chaos'
  3948 | D:5      | XOM: scenery: create altars
  4033 | D:5      | XOM: confuse monster(s)
  4137 | D:5      | Reached skill level 5 in Fighting
  4137 | D:5      | Reached skill level 5 in Polearms
  4148 | D:5      | Reached XP level 8. HP: 73/74 MP: 8/8
  4161 | D:5      | Found a hide-covered altar of Uskayaw.
  4161 | D:5      | Found an ancient bone altar of Kikubaaqudgha.
  4242 | D:5      | Found a bloodstained altar of Trog.
  4433 | D:5      | Found a radiant altar of Vehumet.
  4433 | D:5      | Found a burning altar of Makhleb.
  4588 | D:5      | XOM is BORED!
  4773 | D:5      | Reached skill level 5 in Stealth
  4787 | D:6      | XOM: noise
  5102 | D:6      | XOM: polymorph steam dragon -> centaur
  5233 | D:6      | Reached XP level 9. HP: 78/82 MP: 9/9
  5286 | D:6      | XOM: god gift: scroll labelled GAELLI GOSTI {god gift}
  5506 | D:6      | Found Deny's Distillery.
  5517 | D:6      | Bought a potion of attraction for 39 gold pieces
  5517 | D:6      | Bought a potion of lignification for 39 gold pieces
  5517 | D:6      | Bought a potion of curing for 39 gold pieces
  5517 | D:6      | Bought a potion of curing for 39 gold pieces
  5517 | D:6      | Bought a potion of haste for 130 gold pieces
  5517 | D:6      | Bought a potion of might for 52 gold pieces
  5784 | D:7      | Noticed Joseph
  5787 | D:7      | Noticed Joseph
  5787 | D:7      | Joseph changed into Joseph the meliai
  5787 | D:7      | XOM: polymorph Joseph -> Joseph the meliai
  6007 | D:7      | Slain by Joseph the meliai

Illustrated notes

Levels and vault maps discovered:
D:1:      scummos_arrival_checkerplants, layout_loops_ring
D:2:      layout_basic
D:3:      layout_loops_ring, mainiacjoe_overflow_tiny_flanked, uniq_robin
D:4:      layout_basic, minmay_temple_entry_enclosed_plants
D:5:      layout_loops_cross, grunt_temple_overflow_lords_of_destruction,
          nicolae_overflow_hidden_temple, hex_tiny
D:6:      layout_cave_pools, serial_shops, kennysheep_mini_moat
D:7:      layout_loops_ring, serial_bayou_pond_e, uniq_joseph

Skill      XL: |  1  2  3  4  5  6  7  8  9 |
---------------+----------------------------+-----
Dodging        | 1 2 3 4 |  4.5
Stealth        | 1 2 3 4 5 6 |  6.0
Armour         | 2 3 4 |  4.8
Fighting       | 4 5 6 |  6.2
Polearms       | 4 5 6 |  6.2

Action                   |  1- 3 |  4- 6 |  7- 9 || total
-------------------------+-------+-------+-------++-------
Melee: Spear             |   101 |    68 |    17 ||   186
       Punch             |     1 |     1 |       ||     2
       War axe           |       |    66 |   148 ||   214
       Falchion          |       |    10 |       ||    10
 Abil: Spit Poison       |       |     2 |     2 ||     4
  Use: Scroll            |     1 |     3 |     9 ||    13
       Potion            |       |       |     4 ||     4
 Stab: Sleeping          |     2 |     3 |       ||     5
Armor: Leather armour    |    38 |   101 |   171 ||   310
Dodge: Dodged            |    28 |    55 |   107 ||   190
